General information
- name: BNet
- type: Ladder team game (AT/RT)
- host: Battle.net
- saver: DanielCormier
map: TwilightRuins_LV
- players: 8
- length: 28:11
- speed: Fast
- version: 1.30 W3XP
- replay type: Public
» download(318 KB)
Players
team 1 (loser)
showbobs (
orange | 189 APM | 4632 actions | 24:33)
4 Archmage
2 Summon Water Elemental
2 Brilliance Aura
4 Mountain King
2 Storm Bolt
2 Bash
4 Paladin
2 Holy Light
2 Divine Shield
» actions
| Assign group hotkey | 273 | |
| Basic commands | 28 | |
| Build / train | 104 | |
| ESC pressed | 4 | |
| Enter build submenu | 49 | |
| Enter hero's abilities submenu | 13 | |
| Give item / drop item | 4 | |
| Right click | 1710 | |
| Select / deselect | 275 | |
| Select group hotkey | 2030 | |
| Use ability | 142 | |
4632 total
» units
| Peasant | 18 | |
| Footman | 4 | |
| Goblin Shredder | 3 | |
| Goblin Zeppelin | 1 | |
| Gryphon Rider | 11 | |
| Flying Machine | 20 | |
57 total
» upgrades
| Masonry | 2 | |
| Swords | 3 | |
| Gunpowder | 3 | |
| Storm Hammers | 1 | |
| Flak Cannons | 1 | |
| Animal War Training | 1 | |
| Flying Machine Bombs | 1 | |
12 total
» buildings
| Altar of Kings | 3 | |
| Barracks | 1 | |
| Farm | 24 | |
| Town Hall | 2 | |
| Lumber Mill | 1 | |
| Scout Tower | 13 | |
| Arcane Tower | 2 | |
| Guard Tower | 8 | |
| Keep | 1 | |
| Arcane Vault | 1 | |
| Castle | 1 | |
| Gryphon Aviary | 2 | |
| Blacksmith | 1 | |
| Workshop | 2 | |
62 total
» build order
00:13 Altar of Kings
00:26 Barracks
00:41 Farm
01:13 Farm
01:45 Farm
01:46 Farm
03:49 Town Hall
03:59 Lumber Mill
04:13 Scout Tower
04:14 Scout Tower
04:17 Scout Tower
04:18 Scout Tower
05:12 Arcane Tower
05:13 Guard Tower
05:27 Scout Tower
05:27 Scout Tower
05:28 Scout Tower
05:34 Keep
06:00 Guard Tower
06:00 Guard Tower
06:16 Guard Tower
06:20 Arcane Vault
06:24 Arcane Tower
06:30 Guard Tower
06:31 Guard Tower
06:34 Guard Tower
06:34 Guard Tower
06:39 Scout Tower
06:42 Scout Tower
06:45 Scout Tower
06:55 Scout Tower
06:56 Scout Tower
06:57 Scout Tower
08:46 Castle
08:55 Gryphon Aviary
08:57 Gryphon Aviary
09:27 Blacksmith
10:06 Workshop
10:09 Workshop
11:10 Farm
11:11 Farm
11:11 Farm
11:11 Farm
11:15 Farm
11:15 Farm
11:17 Farm
11:19 Farm
11:50 Farm
11:50 Farm
11:51 Farm
18:26 Altar of Kings
19:25 Town Hall
20:12 Farm
20:13 Farm
20:13 Farm
20:55 Altar of Kings
21:23 Farm
21:24 Farm
21:26 Farm
21:27 Farm
21:27 Farm
23:13 Farm
» items
| Scroll of Regeneration | 2 | |
| Lesser Clarity Potion | 1 | |
| Staff of Sanctuary | 1 | |
| Orb of Fire | 1 | |
5 total
RushAsOne (
pink | 25 APM | 709 actions | 28:10)
2 Archmage
1 Summon Water Elemental
1 Blizzard
» actions
| Basic commands | 126 | |
| Build / train | 61 | |
| Enter build submenu | 23 | |
| Enter hero's abilities submenu | 2 | |
| Remove unit from queue | 1 | |
| Right click | 33 | |
| Select / deselect | 389 | |
| Use ability | 74 | |
709 total
» units
| Peasant | 10 | |
| Footman | 38 | |
| Rifleman | 2 | |
50 total
» upgrades
» buildings
| Barracks | 3 | |
| Farm | 7 | |
| Altar of Kings | 1 | |
| Keep | 1 | |
| Blacksmith | 1 | |
| Town Hall | 2 | |
| Scout Tower | 5 | |
| Lumber Mill | 1 | |
| Guard Tower | 3 | |
24 total
» build order
00:10 Barracks
00:17 Farm
00:27 Altar of Kings
01:26 Barracks
01:51 Farm
02:22 Farm
03:45 Farm
04:46 Barracks
05:43 Farm
05:56 Farm
10:51 Keep
11:29 Blacksmith
13:20 Farm
18:01 Town Hall
18:07 Town Hall
22:11 Scout Tower
22:16 Scout Tower
22:21 Lumber Mill
23:22 Guard Tower
23:22 Guard Tower
23:26 Scout Tower
23:48 Scout Tower
24:00 Guard Tower
24:03 Scout Tower

»
FABOLOUS (
purple | 117 APM | 2877 actions | 24:36)
5 Warden
3 Shadow Strike
2 Blink
5 Keeper of the Grove
3 Entangling Roots
2 Force of Nature
» actions
| Assign group hotkey | 22 | |
| Basic commands | 337 | |
| Build / train | 78 | |
| Enter build submenu | 16 | |
| Enter hero's abilities submenu | 10 | |
| Give item / drop item | 2 | |
| Remove unit from queue | 6 | |
| Right click | 955 | |
| Select / deselect | 281 | |
| Select group hotkey | 1105 | |
| Use ability | 65 | |
2877 total
» units
| Wisp | 16 | |
| Archer | 12 | |
| Hippogryph | 13 | |
| Druid of the Talon | 2 | |
| Chimaera | 5 | |
48 total
» upgrades
| Improved Bows | 1 | |
| Strength of the Wild | 2 | |
| Corrosive Breath | 1 | |
| Reinforced Hides | 1 | |
| Marksmanship | 1 | |
6 total
» buildings
| Altar of Elders | 1 | |
| Moon Well | 8 | |
| Ancient of War | 1 | |
| Ancient of Wonders | 1 | |
| Tree of Ages | 1 | |
| Hunter's Hall | 1 | |
| Ancient of Wind | 1 | |
| Tree of Eternity | 1 | |
| Chimaera Roost | 1 | |
| Tree of Life | 2 | |
18 total
» build order
00:05 Altar of Elders
00:16 Moon Well
00:44 Ancient of War
01:40 Moon Well
02:20 Ancient of Wonders
03:07 Tree of Ages
03:29 Moon Well
04:29 Hunter's Hall
05:35 Ancient of Wind
05:39 Tree of Eternity
06:27 Moon Well
08:35 Chimaera Roost
09:39 Moon Well
10:57 Moon Well
13:28 Tree of Life
14:05 Moon Well
20:47 Moon Well
21:51 Tree of Life
» items
| Lesser Clarity Potion | 1 | |
| Moonstone | 1 | |
| Potion of Healing | 1 | |
| Scroll of Regeneration | 1 | |
4 total
MrBob (
blue | 27 APM | 431 actions | 16:14)
3 Paladin
1 Holy Light
2 Divine Shield
» actions
| Assign group hotkey | 10 | |
| Basic commands | 29 | |
| Build / train | 54 | |
| ESC pressed | 1 | |
| Enter build submenu | 25 | |
| Enter hero's abilities submenu | 3 | |
| Right click | 86 | |
| Select / deselect | 170 | |
| Select group hotkey | 17 | |
| Use ability | 36 | |
431 total
» units
| Peasant | 12 | |
| Footman | 16 | |
| Mortar Team | 7 | |
| Flying Machine | 5 | |
40 total
» upgrades
» buildings
| Altar of Kings | 1 | |
| Farm | 10 | |
| Barracks | 2 | |
| Scout Tower | 4 | |
| Arcane Tower | 1 | |
| Lumber Mill | 1 | |
| Arcane Vault | 1 | |
| Blacksmith | 1 | |
| Guard Tower | 3 | |
| Keep | 1 | |
| Workshop | 1 | |
| Town Hall | 1 | |
| Castle | 1 | |
28 total
» build order
00:26 Altar of Kings
00:33 Farm
00:39 Barracks
01:14 Farm
01:38 Scout Tower
01:58 Farm
02:23 Arcane Tower
03:02 Lumber Mill
04:16 Arcane Vault
04:22 Farm
05:01 Farm
05:16 Blacksmith
05:31 Scout Tower
05:37 Farm
06:07 Guard Tower
06:11 Scout Tower
06:18 Keep
06:55 Guard Tower
06:58 Barracks
08:04 Scout Tower
08:19 Farm
08:37 Guard Tower
08:40 Farm
09:14 Workshop
09:25 Farm
10:07 Farm
11:54 Town Hall
13:01 Castle
» items
team 2 (winner)
DanielCormier (
green | 139 APM | 3925 actions | 28:11)
9 Tauren Chieftain
3 War Stomp
3 Endurance Aura
1 Reincarnation
2 Shockwave
4 Shadow Hunter
2 Hex
2 Healing Wave
2 Naga Sea Witch
1 Frost Arrows
1 Forked Lightning
» actions
| Assign group hotkey | 23 | |
| Basic commands | 237 | |
| Build / train | 73 | |
| ESC pressed | 9 | |
| Enter build submenu | 26 | |
| Enter hero's abilities submenu | 17 | |
| Give item / drop item | 4 | |
| Remove unit from queue | 1 | |
| Right click | 2211 | |
| Select / deselect | 699 | |
| Select group hotkey | 501 | |
| Use ability | 122 | |
3925 total
» units
| Peon | 15 | |
| Troll Headhunter/Berserker | 14 | |
| Troll Batrider | 5 | |
34 total
» upgrades
| Troll Regeneration | 1 | |
| Reinforced Defenses | 1 | |
| Ranged Weapons | 2 | |
| Berserker Upgrade | 1 | |
| Armor | 1 | |
6 total
» buildings
| Altar of Storms | 2 | |
| Orc Burrow | 5 | |
| War Mill | 1 | |
| Barracks | 1 | |
| Voodoo Lounge | 2 | |
| Stronghold | 1 | |
| Great Hall | 3 | |
| Fortress | 1 | |
| Watch Tower | 2 | |
| Beastiary | 2 | |
20 total
» build order
00:02 Altar of Storms
00:06 Orc Burrow
00:23 War Mill
01:03 Barracks
01:54 Orc Burrow
02:24 Voodoo Lounge
04:33 Stronghold
05:14 Orc Burrow
06:32 Great Hall
08:01 Fortress
13:52 Watch Tower
15:40 Watch Tower
15:56 Orc Burrow
17:03 Beastiary
17:04 Beastiary
18:22 Great Hall
23:20 Great Hall
27:19 Orc Burrow
27:35 Voodoo Lounge
28:05 Altar of Storms
» items
| Healing Salve | 3 | |
| Replenishment Potion | 1 | |
| Scroll of Town Portal | 4 | |
| Orb of Lightning | 1 | |
| Potion of Mana | 1 | |
| Potion of Healing | 1 | |
11 total
fcp1 (
red | 57 APM | 1606 actions | 28:11)
8 Priestess of the Moon
3 Trueshot Aura
3 Searing Arrows
1 Starfall
1 Scout
» actions
| Assign group hotkey | 13 | |
| Basic commands | 17 | |
| Build / train | 71 | |
| Enter build submenu | 30 | |
| Enter hero's abilities submenu | 8 | |
| Give item / drop item | 6 | |
| Right click | 751 | |
| Select / deselect | 321 | |
| Select group hotkey | 339 | |
| Use ability | 50 | |
1606 total
» units
| Wisp | 28 | |
| Archer | 6 | |
| Goblin Shredder | 1 | |
| Chimaera | 8 | |
43 total
» upgrades
| Nature's Blessing | 1 | |
| Strength of the Wild | 3 | |
| Marksmanship | 1 | |
| Corrosive Breath | 1 | |
| Reinforced Hides | 1 | |
7 total
» buildings
| Altar of Elders | 1 | |
| Moon Well | 10 | |
| Ancient of War | 1 | |
| Ancient of Wonders | 1 | |
| Tree of Ages | 1 | |
| Tree of Life | 7 | |
| Hunter's Hall | 1 | |
| Tree of Eternity | 1 | |
| Ancient of Wind | 1 | |
| Ancient Protector | 2 | |
| Chimaera Roost | 4 | |
30 total
» build order
00:10 Altar of Elders
00:20 Moon Well
00:27 Ancient of War
01:37 Moon Well
01:54 Ancient of Wonders
03:51 Tree of Ages
04:39 Tree of Life
05:06 Hunter's Hall
05:58 Moon Well
06:14 Tree of Eternity
06:21 Ancient of Wind
07:09 Moon Well
08:05 Moon Well
08:07 Moon Well
08:23 Ancient Protector
08:34 Ancient Protector
08:49 Chimaera Roost
08:57 Chimaera Roost
09:09 Chimaera Roost
09:12 Chimaera Roost
09:25 Moon Well
12:18 Moon Well
13:19 Moon Well
14:18 Moon Well
17:02 Tree of Life
17:46 Tree of Life
20:22 Tree of Life
25:41 Tree of Life
26:36 Tree of Life
27:38 Tree of Life
» items
| Scroll of Town Portal | 6 | |
| Potion of Healing | 1 | |
| Scroll of Regeneration | 1 | |
| Staff of Teleportation | 1 | |
| Boots of Speed | 1 | |
10 total
a;lskidgfy (
teal | 42 APM | 1174 actions | 28:11)
6 Archmage
2 Summon Water Elemental
3 Brilliance Aura
1 Mass Teleport
» actions
| Assign group hotkey | 33 | |
| Build / train | 75 | |
| Enter build submenu | 41 | |
| Enter hero's abilities submenu | 6 | |
| Remove unit from queue | 1 | |
| Right click | 306 | |
| Select / deselect | 441 | |
| Select group hotkey | 216 | |
| Use ability | 55 | |
1174 total
» units
| Peasant | 19 | |
| Rifleman | 12 | |
| Mortar Team | 7 | |
| Priest | 4 | |
42 total
» upgrades
| Gunpowder | 3 | |
| Armor | 3 | |
| Lumber Harvesting | 2 | |
| Priest Training | 2 | |
| Flare | 1 | |
| Long Rifles | 1 | |
| Fragmentation Shards | 1 | |
| Masonry | 3 | |
| Magic Sentry | 1 | |
17 total
» buildings
| Farm | 12 | |
| Altar of Kings | 1 | |
| Barracks | 1 | |
| Blacksmith | 1 | |
| Scout Tower | 7 | |
| Arcane Tower | 1 | |
| Keep | 1 | |
| Lumber Mill | 1 | |
| Arcane Sanctum | 2 | |
| Workshop | 2 | |
| Castle | 1 | |
| Cannon Tower | 4 | |
| Arcane Vault | 1 | |
| Town Hall | 1 | |
36 total
» build order
00:24 Farm
00:36 Altar of Kings
01:04 Barracks
01:07 Farm
02:03 Blacksmith
02:30 Scout Tower
03:10 Arcane Tower
03:15 Farm
03:23 Farm
03:35 Farm
03:40 Farm
03:57 Keep
04:34 Farm
05:14 Farm
05:22 Lumber Mill
06:05 Farm
07:35 Arcane Sanctum
07:39 Workshop
07:59 Arcane Sanctum
08:15 Castle
09:01 Workshop
10:23 Farm
10:27 Farm
10:31 Farm
13:25 Scout Tower
13:28 Scout Tower
13:32 Scout Tower
13:34 Scout Tower
13:37 Scout Tower
13:40 Scout Tower
14:01 Cannon Tower
14:03 Cannon Tower
14:09 Cannon Tower
14:13 Cannon Tower
17:02 Arcane Vault
20:07 Town Hall
» items
Kenpachi (
yellow | 60 APM | 1700 actions | 28:11)
5 Mountain King
2 Storm Bolt
2 Thunder Clap
1 Bash
» actions
| Assign group hotkey | 11 | |
| Basic commands | 11 | |
| Build / train | 71 | |
| ESC pressed | 2 | |
| Enter build submenu | 25 | |
| Enter hero's abilities submenu | 5 | |
| Give item / drop item | 4 | |
| Right click | 1108 | |
| Select / deselect | 260 | |
| Select group hotkey | 116 | |
| Use ability | 87 | |
1700 total
» units
» upgrades
» buildings
| Altar of Kings | 2 | |
| Farm | 6 | |
| Blacksmith | 1 | |
| Lumber Mill | 1 | |
| Barracks | 1 | |
| Scout Tower | 12 | |
| Arcane Tower | 2 | |
| Guard Tower | 6 | |
| Arcane Vault | 1 | |
| Keep | 1 | |
33 total
» build order
00:12 Altar of Kings
00:25 Farm
00:42 Blacksmith
01:14 Lumber Mill
01:20 Farm
01:49 Barracks
02:02 Farm
02:05 Scout Tower
02:06 Scout Tower
02:10 Scout Tower
02:10 Scout Tower
02:41 Scout Tower
03:19 Arcane Tower
03:27 Scout Tower
03:31 Scout Tower
04:19 Arcane Tower
04:41 Guard Tower
05:37 Guard Tower
05:37 Guard Tower
05:41 Scout Tower
06:28 Guard Tower
08:20 Arcane Vault
09:04 Farm
09:07 Scout Tower
09:08 Scout Tower
09:09 Scout Tower
10:50 Guard Tower
12:08 Guard Tower
14:50 Altar of Kings
14:53 Farm
15:43 Keep
16:39 Scout Tower
19:07 Farm
» items
| Scroll of Regeneration | 4 | |
| Lesser Clarity Potion | 5 | |
| Boots of Speed | 1 | |
| Staff of Teleportation | 1 | |
| Circlet of Nobility | 1 | |
| Orb of Fire | 1 | |
| Potion of Lesser Invulnerability | 1 | |
14 total
Chat log
(00:07 / Allies) a;lskidgfy: am rifle morts
(00:49 / All) DanielCormier: ^
(00:58 / All) showbobs: wat
(01:25 / All) DanielCormier: will they readd full scale assault
(01:33 / All) showbobs: what are u saying
(01:36 / All) showbobs: first off
(01:39 / All) showbobs: your a night elf faggot
(01:41 / All) showbobs: fuck u elf
(01:42 / All) DanielCormier: Im orc
(01:51 / All) showbobs: are orcs green
(01:57 / All) DanielCormier: yea
(01:59 / All) showbobs: exactly fuck u f
(02:01 / All) showbobs: elf
(02:02 / All) showbobs: pussy
(02:03 / All) MrBob: you sound like a fag
(02:13 / All) showbobs: ye u probably dont even have masonary upgradeas
(02:14 / All) showbobs: faggot
(02:30 / All) DanielCormier: i have barbed wire
(02:40 / All) showbobs: only child rapists have that
(02:44 / All) showbobs: good job
(02:45 / Allies) a;lskidgfy: pink
(02:56 / All) DanielCormier: i put AM in my sex dungeon
(03:02 / All) DanielCormier: with the kodo dick
(03:09 / All) showbobs: i spent some time of 4 chan
(03:15 / All) showbobs: saw a mexican cartel vide of a guy
(03:23 / All) showbobs: cutting off fingers infront of his son
(03:30 / All) showbobs: made his son hold his dadds fingers
(03:37 / All) showbobs: trumpo was right
(03:43 / All) showbobs: mexicans are eorse that isi
(03:50 / Allies) DanielCormier: micro
(04:17 / All) DanielCormier: Why r u guys harrasing on this map
(04:26 / All) showbobs: god hates niggers
(04:36 / All) DanielCormier: get expos up
(04:40 / All) DanielCormier: Waste of time this is
(04:46 / All) showbobs: fuck u yoga
(05:21 / All) DanielCormier: listen lets all
(05:22 / All) DanielCormier: expo
(05:24 / All) DanielCormier: ok
(06:48 / Allies) DanielCormier: relax
(08:27 / Allies) Kenpachi: Thanks
(09:15 / All) DanielCormier: do not hit my ally again
(10:34 / All) DanielCormier: Why didnt u tp
(11:19 / Allies) Kenpachi: Gold please
(11:27 / Allies) Kenpachi: Thanks
(13:10 / All) DanielCormier: dude STOP
(13:11 / All) DanielCormier: THIS SHIT'
(15:15 / All) DanielCormier: U RAN TO MY EXPO?
(16:35 / All) DanielCormier: I LIKED THOSE HEROES
(16:53 / Allies) fcp1: shop
(17:04 / Allies) a;lskidgfy: coming
(17:16 / Allies) Kenpachi: share
(17:18 / Allies) Kenpachi: please
(17:19 / Allies) fcp1: fast buid
(17:33 / Allies) DanielCormier: WE NEED TO
(17:35 / Allies) DanielCormier: TAKE OJ'S ARMY OUT
(17:57 / Allies) Kenpachi: lel
(18:28 / Allies) Kenpachi: Copters maybe
(18:38 / All) DanielCormier: im mad
(18:55 / Allies) Kenpachi: 200 lumb?
(19:50 / Allies) Kenpachi: Gold?
(20:26 / Allies) DanielCormier: losing orc is bad
(20:38 / Allies) DanielCormier: hall
(20:39 / Allies) DanielCormier: he will tp
(21:06 / All) DanielCormier: u niggers made it a gay game
(21:12 / Allies) Kenpachi: red care
(21:15 / Allies) Kenpachi: copters inbound
(21:48 / All) RushAsOne: KILL HIS FUCKING AIR
(21:49 / All) RushAsOne: WTF
(21:56 / All) RushAsOne: GET OUT
(21:56 / All) DanielCormier: u
(22:00 / Allies) DanielCormier: ur making the wrong units for this
(22:01 / Allies) DanielCormier: teal
(22:22 / Allies) Kenpachi: If teal masses copters we win
(22:26 / Allies) Kenpachi: they have no expos
(22:29 / Allies) DanielCormier: yep
(22:35 / Allies) Kenpachi: Gold me green?
(22:45 / Allies) Kenpachi: ty
(22:45 / Allies) DanielCormier: wood
(23:13 / Allies) DanielCormier: im epxo
(24:19 / All) DanielCormier: im the tc irl
(24:32 / All) showbobs: gg
(24:40 / Allies) Kenpachi: Nice work
(24:54 / All) DanielCormier: my tc
(24:56 / All) DanielCormier: is so fucking fast
(25:04 / Allies) Kenpachi: 100 gold for orb?
(25:26 / Allies) Kenpachi: teal 100?
(26:15 / Allies) DanielCormier: i will solo it
(26:55 / Allies) DanielCormier: lmao
(26:57 / Allies) DanielCormier: im palying dota
(27:56 / Allies) DanielCormier: DUDE
(27:57 / Allies) DanielCormier: THIS TC HAHAHA